 Dungeon Crawl Stone Soup version 0.29.1-15-g9cfb28693d (webtiles) character file.

Game seed: 15546600719435257552

151 Artool the Cudgeller (level 5, -1/41 HPs)
             Began as a Demonspawn Gladiator on Apr 5, 2023.
             Slain by a gnoll bouda
             ... wielding a +0 club
              (3 damage)
             ... on level 4 of the Dungeon.
             The game lasted 00:04:21 (3415 turns).

Artool the Cudgeller (Demonspawn Gladiator)         Turns: 3415, Time: 00:04:22

Health: -1/41      AC:  8    Str: 15    XL:     5   Next: 10%
Magic:  5/5        EV:  7    Int: 11    God:
Gold:   152        SH:  4    Dex: 16    Spells: 4/4 levels left

rFire   . . .      SeeInvis +   y - +0 whip
rCold   . . .      Faith    .   (no shield)
rNeg    . . .      Spirit   .   u - +0 chain mail
rPois   +          Reflect  .   (helmet restricted)
rElec   .          Harm     .   (no cloak)
rCorr   .          Rampage  .   (no gloves)
Will    .....                   (no boots)
Stlth   ..........              (no amulet)
HPRegen 0.13/turn               j - ring of poison resistance
MPRegen 0.09/turn               n - ring of see invisible

@: no status effects
A: horns 1, big brain 1, condensation shield
a: no special abilities


You were on level 4 of the Dungeon.
You visited 1 branch of the dungeon, and saw 4 of its levels.

You collected 152 gold pieces.

Inventory:

Hand Weapons
 a - a +0 flail
 y - a +0 whip (weapon)
Missiles
 d - 3 throwing nets (quivered)
 e - a javelin
Armour
 b - a +0 leather armour
 c - a +1 helmet
 u - a +0 chain mail (worn)
Jewellery
 j - a ring of poison resistance (left hand)
 n - a ring of see invisible (right hand)
 q - a ring of protection from cold
Scrolls
 k - 3 scrolls of magic mapping
 l - a scroll of brand weapon {unknown}
 m - a scroll of poison {unknown}
 o - a scroll of torment {unknown}
 t - a scroll of identify {unknown}
 v - a scroll of summoning {unknown}
 w - a scroll of blinking {unknown}
 z - a scroll of fog {unknown}
Potions
 f - a potion of ambrosia {unknown}
 h - a potion of mutation {unknown}
 p - 2 potions of might {unknown}
 r - a potion of invisibility {unknown}
 s - 2 potions of curing {unknown}
 x - a potion of flight {unknown}


   Skills:
 + Level 3.1 Fighting
 + Level 3.4 Maces & Flails
 - Level 2.0 Throwing
 + Level 2.0 Armour
 + Level 3.4 Dodging


You had 4 spell levels left.
You didn't know any spells.
Your spell library contained the following spells:

 Spells                   Type           Power      Damage    Failure   Level
 Necrotise                Necr           0%         1d4       100%        1
 Poisonous Vapours        Pois/Air       0%         N/A       100%        2
 Sublimation of Blood     Necr           0%         N/A       100%        2
 Wereblood                Tmut           0%         N/A       100%        2
 Portal Projectile        Hex/Tloc       0%         N/A       100%        3
 Tukima's Dance           Hex            0%         N/A       100%        3
 Vampiric Draining        Necr           0%         2d6       100%        3
 Corpse Rot               Necr/Pois/Air  0%         N/A       100%        4
 Agony                    Necr           0%         N/A       100%        5
 Blade Hands              Tmut           0%         N/A       100%        5
 Summon Hydra             Summ           0%         N/A       100%        7


Dungeon Overview and Level Annotations

Branches:
Dungeon (4/15)
 Temple: D:4-7

Altars:


Innate Abilities, Weirdness & Mutations

You have a pair of small horns on your head.
You have an unusually large brain. (Int +2)
A meltable shield of frost defends you. (SH +4)


Message History

You hit the gnoll.
The gnoll is lightly wounded.
The gnoll bouda hits you but does no damage.
You block the gnoll's attack. The gnoll hits you but does no damage.
You closely miss the gnoll. Your headbutt misses the gnoll.
The gnoll is lightly wounded.
The gnoll bouda hits you with a +0 club.
The gnoll hits you but does no damage. x2
You hit the gnoll. You headbutt the gnoll.
The gnoll is heavily wounded.
The gnoll bouda calls upon its god to heal the gnoll.
The gnoll is healed somewhat.
The gnoll hits you with a +0 club. The gnoll hits you but does no damage.
You hit the gnoll.
The gnoll is heavily wounded.
The gnoll bouda hits you with a +0 club!
You block the gnoll's attack. The gnoll closely misses you.
You hit the gnoll but do no damage.
The gnoll is heavily wounded.
You block the gnoll bouda's attack. The gnoll completely misses you.
The gnoll hits you from afar with a +0 spear.
* * * LOW HITPOINT WARNING * * *
You hit the gnoll but do no damage.
The gnoll is heavily wounded.
Your attacks no longer feel as feeble.
The gnoll bouda hits you with a +0 club!
* * * LOW HITPOINT WARNING * * *
The gnoll hits you with a +0 club.
* * * LOW HITPOINT WARNING * * *
The gnoll barely misses you.
Unknown command.
The gnoll attacks as you move away! The gnoll hits you with a +0 club.
* * * LOW HITPOINT WARNING * * *
The gnoll bouda attacks as you move away!
The gnoll bouda barely misses you.
The gnoll bouda attacks as you move away!
The gnoll bouda completely misses you.
The gnoll bouda attacks as you move away!
The gnoll bouda hits you with a +0 club.
You die...

*,**,,,,,* ##.## ♣..P*
*,*#.**,####...# ♣♣~♣♣
**.##.,,,.......♣♣♣♣♣~~.♣♣
*,,....,,*#.#...♣~♣P♣~~.~♣
***,**#..####g##...~~~~~)~~~
*,,,###.....)g...#P~P♣♣.~~♣♣
*,,,.......##?####♣♣♣♣♣♣.~♣*
*,,,,*+#...##.# ♣~~♣♣*
**,,,*,#...@g.# ♣♣~♣ *
*,***,###.#.## *~.♣**
*,+,,∩,,+.#.# ♣♣.~**
*,***,**#^#.# #.#,,
*,,,*,*,..#.# #..,,
*,,,*+*,....# ***,,
*,,,,,,.....# *,,
**,,,,,....## *,,
*********** *,,


You could see a gnoll bouda.

Vanquished Creatures
  2 adders
  5 gnolls
  A worm (D:2)
  6 dart slugs
  5 orcs
  4 endoplasms
  A giant cockroach (D:2)
  5 goblins
  7 hobgoblins
  2 jackals (D:2)
  3 kobolds
  2 quokkas
  8 ball pythons
  6 bats
  2 frilled lizards
  5 rats
64 creatures vanquished.

Notes
Turn   | Place    | Note
-------+----------+-------------------------------------------
     0 | D:1      | Artool the Demonspawn Gladiator began the quest for the
                  | Orb.
     0 | D:1      | Reached XP level 1. HP: 16/16 MP: 1/1
   113 | D:1      | Gained mutation: You have an unusually large brain. (Int
                  | +2) [demonic ancestry]
   113 | D:1      | Reached XP level 2. HP: 13/22 MP: 2/2
   759 | D:1      | Reached skill level 1 in Armour
   835 | D:1      | Reached XP level 3. HP: 21/28 MP: 3/3
  2226 | D:3      | Gained mutation: A meltable shield of frost defends you.
                  | (SH +4) [demonic ancestry]
  2226 | D:3      | Reached XP level 4. HP: 34/34 MP: 4/4
  3397 | D:4      | Gained mutation: You have a pair of small horns on your
                  | head. [demonic ancestry]
  3397 | D:4      | Reached XP level 5. HP: 33/41 MP: 5/5
  3412 | D:4      | HP: 2/41 [gnoll/+0 club[a gnoll bouda] (1)]
  3415 | D:4      | Slain by a gnoll bouda

Illustrated notes

Levels and vault maps discovered:
D:1:      dpeg_arrival_rooms_b, layout_basic
D:2:      layout_basic
D:3:      layout_basic
D:4:      layout_loops_cross, nicolae_ossuary_entry_plus,
          chequers_serial_rivers_small_3, serial_bayou_crossing

Skill      XL: |  1  2  3  4  5 |
---------------+----------------+-----
Throwing       | 2 |  2.0
Maces & Flails | 3 |  3.4
Armour         | 1 2 |  2.0
Dodging        | 3 |  3.4
Fighting       | 3 |  3.1

Action                   |  1- 3 |  4- 6 || total
-------------------------+-------+-------++-------
Melee: Flail             |   137 |    29 ||   166
       Punch             |     3 |       ||     3
       Whip              |       |    52 ||    52
       Headbutt          |       |     3 ||     3
  Use: Scroll            |       |     3 ||     3
 Stab: Sleeping          |     2 |       ||     2
Armor: Leather armour    |    46 |       ||    46
       Chain mail        |       |    40 ||    40
Dodge: Dodged            |   116 |    26 ||   142
Block: Other             |       |    18 ||    18
